 Dungeon Crawl Stone Soup version 0.23.1 (webtiles) character file.

Game seed: 0

46 redwoodhats the Magician (level 3, 0/19 HPs)
             Began as a Deep Elf Wizard on Mar 17, 2019.
             Slain by an adder (3 damage)
             ... on level 2 of the Dungeon.
             The game lasted 00:21:46 (1731 turns).

redwoodhats the Magician (Deep Elf Wizard)          Turns: 1731, Time: 00:21:46

Health: 0/19       AC:  3    Str:  4    XL:     3   Next: 44%
Magic:  4/11       EV: 13    Int: 22    God:
Gold:   90         SH:  0    Dex: 14    Spells: 4/12 levels left

rFire    . . .     SeeInvis .   (no weapon)
rCold    . . .     Gourm    .   (no shield)
rNeg     . . .     Faith    .   a - +0 robe
rPois    .         Spirit   .   b - +0 hat
rElec    .         Reflect  .   (no cloak)
rCorr    .         Harm     .   (no gloves)
MR       .....                  (no boots)
Stlth    ++........             (no amulet)
HPRegen  0.06/turn              g - +1 ring of protection
MPRegen  0.12/turn              (no ring)

@: no status effects
A: no striking features
a: no special abilities


You were on level 2 of the Dungeon.
You were not hungry.

You visited 1 branch of the dungeon, and saw 2 of its levels.

You collected 90 gold pieces.

Inventory:

Missiles
 j - 6 tomahawks (quivered)
Armour
 a - a +0 robe (worn)
 b - a +0 hat (worn)
Jewellery
 g - a +1 ring of protection (left hand)
Scrolls
 c - a scroll of identify
 h - a scroll of random uselessness
 i - 2 scrolls of remove curse
Potions
 f - a potion of lignification
Comestibles
 d - 4 rations


   Skills:
 + Level 2.8 Dodging
 + Level 3.2 Stealth
 + Level 5.4 Spellcasting
 + Level 1.6 Conjurations
   Level 1.1 Summonings
 + Level 1.1 Translocations


You had 4 spell levels left.
You knew the following spells:

 Your Spells              Type           Power        Failure   Level  Hunger
a - Magic Dart            Conj           ##..         4%          1    None
b - Slow                  Hex            #.......     14%         2    None
c - Blink                 Tloc           N/A          10%         2    None
d - Mephitic Cloud        Conj/Pois/Air  #.......     22%         3    ##.....

Your spell library contained the following spells:

 Spells                   Type           Power        Failure   Level  Hunger
 Call Imp                 Summ           ##......     10%         2    None
 Conjure Flame            Conj/Fire      #.......     21%         3    ##.....


Dungeon Overview and Level Annotations

Branches:
Dungeon (2/15)

Altars:


Message History

Aiming: Slow (safe; 14% risk of failure)
Press: ? - help, Shift-Dir - straight line, f/p - adder
Aim: an adder (moderately wounded, chance to defeat MR: 50%)
The adder seems to slow down.
The adder bites you but does no damage.
You feel sick.
You feel sick.
The adder is no longer moving slowly.
You feel sick.
You feel sick.
You are no longer poisoned.
The adder barely misses you.
Casting: Slow (safe; 14% risk of failure)
Confirm with . or Enter, or press ? or * to list all spells.
Aiming: Magic Dart (safe; 4% risk of failure)
Press: ? - help, Shift-Dir - straight line, f/p - adder
Aim: an adder (moderately wounded)
The magic dart hits the adder.
The adder is heavily wounded.
The adder bites you.
You die...

### #.. #.# #.# #.#
#.# ####.#####
#...S@...# #g##.###.#
#.##.....# ##+##
#.######.# ##...##
#g######.# ##.....##
#....g...# ##.......#
######...####.........
#.....†.'.........
##g....##.........


You could see an adder and a goblin.

Vanquished Creatures
  An adder (D:2)
  2 dart slugs (D:1)
  2 giant cockroaches
  6 goblins (D:1)
  4 hobgoblins
  5 jackals (D:1)
  2 frilled lizards (D:1)
  3 kobolds (D:1)
  4 rats
29 creatures vanquished.

Notes
Turn   | Place    | Note
-------+----------+-------------------------------------------
     0 | D:1      | redwoodhats the Deep Elf Wizard began the quest for the
                  | Orb.
     0 | D:1      | Reached XP level 1. HP: 10/10 MP: 7/7
   335 | D:1      | Reached skill level 5 in Spellcasting
   335 | D:1      | Reached XP level 2. HP: 15/15 MP: 5/10
   965 | D:1      | Reached XP level 3. HP: 18/19 MP: 6/11
  1279 | D:1      | Learned a level 2 spell: Slow
  1282 | D:1      | Learned a level 2 spell: Blink
  1286 | D:1      | Learned a level 3 spell: Mephitic Cloud
  1731 | D:2      | Slain by an adder

Skill      XL: |  1  2  3 |
---------------+----------+-----
Spellcasting   | 5 |  5.4
Stealth        | 3 |  3.2
Dodging        | |  2.8
Conjurations   | |  1.6
Summonings     | |  1.1
Translocations | |  1.1

Action                   || total
-------------------------++-------
Melee: Unarmed           ||    16
 Cast: Magic Dart        ||    84
       Slow              ||     4
       Blink             ||     2
  Use: Scroll            ||     4
       Potion            ||     3
  Eat: Ration            ||     1
Armor: Robe              ||     9
Dodge: Dodged            ||    45
